 Dungeon Crawl Stone Soup version 0.25.0-10-g039870ee82 (webtiles) character file.

Game seed: 6150730255705825725

513 MisterFreud the Shield-Bearer (level 7, 0/52 HPs)
             Began as a Formicid Fighter on June 22, 2020.
             Slain by an iguana (9 damage)
             ... on level 5 of the Dungeon.
             The game lasted 00:11:01 (2563 turns).

MisterFreud the Shield-Bearer (Formicid Fighter)    Turns: 2563, Time: 00:11:01

Health: 0/52       AC:  6    Str: 22    XL:     7   Next: 43%
Magic:  16/16      EV:  8    Int:  8    God:
Gold:   167        SH: 10    Dex: 10    Spells: 6/6 levels left

rFire    . . .     SeeInvis +   a - +0 war axe
rCold    . . .     Gourm    .   c - +0 kite shield
rNeg     . . .     Faith    .   b - +0 scale mail
rPois    +         Spirit   .   (helmet unavailable)
rElec    .         Reflect  .   (no cloak)
rCorr    .         Harm     .   (no gloves)
MR       .....                  (no boots)
Stlth    +.........             (no amulet)
HPRegen  0.17/turn              i - ring of magical power
MPRegen  0.15/turn              q - ring "Pues Qan" {rPois Stlth+}

@: no status effects
A: permanent stasis, dig shafts and tunnels, four strong arms, antennae 3
a: Dig, Shaft Self


You were on level 5 of the Dungeon.
You were not hungry.

You visited 1 branch of the dungeon, and saw 5 of its levels.

You collected 167 gold pieces.

Inventory:

Hand Weapons
 a - a +0 war axe (weapon)
Missiles
 r - 6 javelins (quivered)
 s - a throwing net
 t - 6 boomerangs
Armour
 b - a +0 scale mail (worn)
 c - a +0 kite shield (worn)
 o - a +0 tower shield
Jewellery
 i - a ring of magical power (left hand)
 q - the ring "Pues Qan" (right hand) {rPois Stlth+}
   (You found it on level 4 of the Dungeon)

   [ring of stealth]

   It protects you from poison.
   It makes you more stealthy.
Wands
 n - a wand of acid (6)
 x - a wand of polymorph (5)
Scrolls
 d - a scroll of amnesia {unknown}
 g - 3 scrolls of teleportation {unknown}
 h - a scroll of remove curse {unknown}
 j - 7 scrolls of identify {unknown}
 p - a scroll of magic mapping {unknown}
 w - a scroll of noise {unknown}
Potions
 e - 2 potions of berserk rage {unknown}
 k - a potion of degeneration {unknown}
 l - a potion of haste {unknown}
 m - a potion of brilliance {unknown}
 v - a potion of curing
Comestibles
 f - 8 rations
 u - 3 chunks of flesh


   Skills:
 - Level 3.2 Fighting
 + Level 6.2 Axes
 - Level 3.2 Armour
 + Level 6.3 Shields


You had 6 spell levels left.
You didn't know any spells.
Your spell library contained the following spells:

 Spells                   Type           Power        Failure   Level  Hunger
 Summon Small Mammal      Summ           #...         89%         1    ##.....
 Call Imp                 Summ           #.......     96%         2    ###....
 Call Canine Familiar     Summ           #.......     99%         3    ####...
 Summon Guardian Golem    Hex/Summ       #.......     99%         3    ####...
 Summon Ice Beast         Ice/Summ       #.......     100%        4    #####..
 Summon Lightning Spire   Summ/Air       #.......     100%        4    #####..


Dungeon Overview and Level Annotations

Branches:
Dungeon (5/15)
 Temple: D:4-7

Altars:
Dithmenos
Elyvilon
Nemelex Xobeh
Yredelemnul


Innate Abilities, Weirdness & Mutations

You cannot be hasted, slowed, berserked, paralysed or teleported.
You can dig through walls and to a lower floor.
Your four strong arms can wield two-handed weapons with a shield.
You have a pair of large antennae on your head. (SInv)


Message History

An iguana comes into view.
The iguana hisses angrily.
You hit the iguana but do no damage. The iguana bites you!
You barely miss the iguana. The iguana closely misses you.
You barely miss the iguana.
The iguana bites you but does no damage.
You barely miss the iguana. The iguana bites you.
Your scale mail prevents you from hitting the iguana.
You block the iguana's attack.
An adder comes into view.
The iguana barely misses you.
The adder hisses angrily.
You hit the iguana but do no damage. The iguana barely misses you.
You closely miss the iguana. The iguana bites you.
* * * LOW HITPOINT WARNING * * *
You closely miss the iguana. The iguana bites you.
* * * LOW HITPOINT WARNING * * *
You closely miss the iguana. You block the iguana's attack.
The iguana bites you!
You die...

#.......##..#
#.......##..#
#.##.##.##>.#
#[##........#
####.##.##.##.##
#.......##.##.#
#.##.......# .#
#.####.#####.####
#.Sl@........#
......###.#######
.#### #.# ..# .##
. ..


You could see an iguana and an adder.

Vanquished Creatures
  Sigmund (D:3)
  2 scorpions
  3 orc priests
  Natasha (D:3)
  A hound skeleton (D:4)
  Robin (D:4)
  An adder (D:4)
  An ooze (D:2)
  An adder skeleton (D:5)
  6 worms
  2 dart slugs
  2 leopard geckos (D:3)
  7 orcs
  A ball python (D:1)
  7 bats
  4 giant cockroaches
  16 goblins
  6 hobgoblins
  4 jackals (D:2)
  3 quokkas
  6 frilled lizards
  10 kobolds
  3 rats
89 creatures vanquished.

Notes
Turn   | Place    | Note
-------+----------+-------------------------------------------
     0 | D:1      | MisterFreud the Formicid Fighter began the quest for the
                  | Orb.
     0 | D:1      | Reached XP level 1. HP: 18/18 MP: 1/1
    99 | D:1      | Reached XP level 2. HP: 17/24 MP: 2/2
   382 | D:2      | Found a sparkling altar of Nemelex Xobeh.
   438 | D:2      | Reached XP level 3. HP: 29/29 MP: 3/3
  1027 | D:2      | Reached XP level 4. HP: 23/35 MP: 4/4
  1425 | D:3      | Noticed Sigmund
  1445 | D:3      | Killed Sigmund
  1445 | D:3      | Reached skill level 5 in Axes
  1445 | D:3      | Reached XP level 5. HP: 33/41 MP: 5/5
  1445 | D:3      | Reached XP level 6. HP: 38/47 MP: 6/6
  1458 | D:3      | Found a basalt altar of Yredelemnul.
  1458 | D:3      | Found a shadowy altar of Dithmenos.
  1458 | D:3      | Found a white marble altar of Elyvilon.
  1485 | D:3      | Noticed Natasha
  1488 | D:3      | Killed Natasha
  1488 | D:3      | Reached skill level 5 in Shields
  1963 | D:3      | HP: 1/47 [acid (16)]
  2048 | D:4      | HP: 2/47 [orc priest/+0 falchion (5)]
  2050 | D:4      | Reached XP level 7. HP: 3/52 MP: 7/7
  2064 | D:4      | Got a crude granite ring
  2065 | D:4      | Identified the ring "Pues Qan" {rPois Stlth+} (You found it
                  | on level 4 of the Dungeon)
  2342 | D:4      | Noticed Robin
  2356 | D:4      | Killed Robin
  2453 | D:5      | Entered Level 5 of the Dungeon
  2563 | D:5      | Slain by an iguana

Illustrated notes

Levels and vault maps discovered:
D:1:      dpeg_arrival_connections, layout_rooms, kennysheep_decorative_pillar,
          chequers_serial_rivers_room_b
D:2:      layout_basic, lemuel_round_altar
D:3:      layout_basic, chequers_temple_overflow_statue_of_worship,
          uniq_sigmund, uniq_natasha
D:4:      layout_rooms, first_ration, uniq_robin
D:5:      layout_loops_ring, marbit_many_paths, minmay_manual_macuahuitl

Skill      XL: |  1  2  3  4  5  6  7 |
---------------+----------------------+-----
Axes           | 3 4 5 6 |  6.2
Shields        | 4 5 6 |  6.3
Fighting       | |  3.2
Armour         | |  3.2

Action                   |  1- 3 |  4- 6 |  7- 9 || total
-------------------------+-------+-------+-------++-------
Melee: War axe           |    70 |   103 |    71 ||   244
 Abil: Dig               |    12 |    25 |     1 ||    38
  Use: Potion            |       |     3 |       ||     3
  Eat: Chunk             |       |     6 |     1 ||     7
       Ration            |       |     1 |       ||     1
Armor: Scale mail        |    27 |    57 |    25 ||   109
Dodge: Dodged            |    25 |    44 |    30 ||    99
Block: Kite shield       |    45 |    54 |    37 ||   136
